 Dungeon Crawl Stone Soup version 0.26.1-2-gb8aa6d0cf2 (webtiles) character file.

Game seed: 16678470907091484294

187 H0rd4k the Charlatan (level 5, 0/38 HPs)
             Began as a Human Artificer on Mar 18, 2021.
             Killed from afar by an orc wizard (3 damage)
             ... with a magic dart
             ... on level 2 of the Dungeon.
             The game lasted 00:02:28 (2260 turns).

H0rd4k the Charlatan (Human Artificer)              Turns: 2260, Time: 00:02:28

Health: 0/38       AC:  3    Str: 13    XL:     5   Next: 99%
Magic:  5/5        EV: 12    Int: 12    God:
Gold:   56         SH:  0    Dex: 13    Spells: 4/4 levels left

rFire    . . .     SeeInvis .   h - +0 dagger
rCold    . . .     Faith    .   (no shield)
rNeg     . . .     Spirit   .   b - +0 leather armour
rPois    .         Reflect  .   (no helmet)
rElec    .         Harm     .   (no cloak)
rCorr    .         Rampage  .   (no gloves)
Will     .....                  (no boots)
Stlth    ++........             (no amulet)
HPRegen  0.12/turn              (no ring)
MPRegen  0.09/turn              (no ring)

@: no status effects
A: no striking features
a: no special abilities


You were on level 2 of the Dungeon.
You visited 1 branch of the dungeon, and saw 2 of its levels.

You collected 56 gold pieces.

Inventory:

Hand Weapons
 a - a +0 club
 h - a +0 dagger (weapon)
Missiles
 k - 17 poisoned darts
Armour
 b - a +0 leather armour (worn)
Jewellery
 j - a +6 ring of intelligence {unknown}
Wands
 c - a wand of flame (4) (quivered)
 d - a wand of enslavement (10)
 e - a wand of random effects (15)
Scrolls
 f - 5 scrolls of magic mapping {unknown}
Potions
 g - a potion of berserk rage {unknown}
 i - a potion of flight {unknown}
 l - a potion of haste {unknown}
 m - a potion of heal wounds {unknown}


   Skills:
 + Level 1.6 Fighting
 + Level 1.7 Short Blades
 + Level 0.4 Maces & Flails
 + Level 3.4 Armour
 + Level 2.4 Dodging
 + Level 1.5 Stealth
 + Level 3.8 Evocations


You had 4 spell levels left.
You didn't know any spells.
Your spell library was empty.

Dungeon Overview and Level Annotations

Branches:
Dungeon (2/15)

Altars:


Message History

The orc wizard hits you with a +0 dagger.
* * * LOW HITPOINT WARNING * * *
You closely miss the orc wizard.
The orc wizard is heavily wounded.
The orc wizard misses you.
Aiming: Throw Flame
Press: ? - help, Shift-Dir - straight line, f/p - orc wizard
Aim: an orc wizard, wielding a +0 dagger and wearing a +0 robe (heavily wounded, 36% to evade)
The puff of flame misses the orc wizard.
The orc wizard hits you with a +0 dagger.
* * * LOW HITPOINT WARNING * * *
Unknown command.
Aiming: Throw Flame
Press: ? - help, Shift-Dir - straight line, f/p - orc wizard
Aim: an orc wizard, wielding a +0 dagger and wearing a +0 robe (heavily wounded, 36% to evade)
The puff of flame hits the orc wizard.
The orc wizard is heavily wounded.
The orc wizard points at you and mumbles some strange words.
The magic dart hits you.
You die...

#.#.#.....#...# #
#.#)#..#......#
#.#.#.#####.#.#
#.#.#.......#...
.....).##....###....
.....†.+.....+ ..#.#
....[..#.....# #.# #
$......#.###o# .#
......(#.###@# >.
.......#.#...#######
.......#.#.#<.......
#.#.######... #


You could see an orc wizard.

Vanquished Creatures
  Sigmund (D:2)
  An adder (D:2)
  5 bats (D:1)
  A giant cockroach (D:1)
  4 goblins
  3 hobgoblins (D:1)
  3 kobolds
  A quokka (D:2)
  A frilled lizard (D:2)
  2 rats (D:1)
22 creatures vanquished.

Vanquished Creatures (collateral kills)
  An orc (D:2)
1 creature vanquished.

Vanquished Creatures (others)
  3 orcs (D:2)
3 creatures vanquished.

Grand Total: 26 creatures vanquished

Notes
Turn   | Place    | Note
-------+----------+-------------------------------------------
     0 | D:1      | H0rd4k the Human Artificer began the quest for the Orb.
     0 | D:1      | Reached XP level 1. HP: 15/15 MP: 1/1
   283 | D:1      | Reached XP level 2. HP: 11/21 MP: 2/2
  1561 | D:2      | Noticed Sigmund
  1569 | D:2      | Killed Sigmund
  1570 | D:2      | Reached skill level 1 in Short Blades
  1570 | D:2      | Reached XP level 3. HP: 4/26 MP: 3/3
  1570 | D:2      | Reached XP level 4. HP: 5/32 MP: 4/4
  1570 | D:2      | Reached XP level 5. HP: 6/37 MP: 5/5
  2260 | D:2      | Killed from afar by an orc wizard

Illustrated notes

Levels and vault maps discovered:
D:1:      dpeg_arrival_morbid_curiosity, layout_loops_ring, serial_park_tiny_2
D:2:      layout_basic, uniq_robin, uniq_sigmund

Skill      XL: |  1  2 |
---------------+-------+-----
Short Blades   | 1 |  1.7
Armour         | 3 |  3.4
Dodging        | 2 |  2.4
Fighting       | |  1.6
Maces & Flails | |  0.4
Stealth        | |  1.5
Evocations     | |  3.8

Action                   |  1- 3 |  4- 6 || total
-------------------------+-------+-------++-------
Melee: Dagger            |   108 |    62 ||   170
       Club              |     2 |       ||     2
Evoke: Wand              |     5 |    11 ||    16
 Stab: Sleeping          |     1 |       ||     1
Armor: Leather armour    |    29 |    10 ||    39
Dodge: Dodged            |    79 |    36 ||   115
